 Dungeon Crawl Stone Soup version 0.31-a0-833-gc15d34cb79 (webtiles) character file.

Game seed: 2906424408410089411

2972 senseless the Mimic (level 9, -8/85 HPs)
             Began as a Troll Shapeshifter on Sept 25, 2023.
             Was a Believer of the Shining One.
             Mangled by a hornet (15 damage)
             ... on level 7 of the Dungeon.
             The game lasted 00:10:39 (4602 turns).

senseless the Mimic (Troll Shapeshifter)            Turns: 4602, Time: 00:10:45

Health: -8/85      AC:  4    Str: 24    XL:     9   Next: 53%
Magic:  10/10      EV: 11    Int:  6    God:    the Shining One [**....]
Gold:   332        SH:  0    Dex: 13    Spells: 8/8 levels left

rFire   . .          .
                       - Unarmed
rCold   + . .        (no shield)
rNeg    + + .        a - +0 animal skin
rPois   .            (helmet currently unavailable)
rElec   .            (cloak currently unavailable)
rCorr   .            (gloves unavailable)
SInv    .            (boots unavailable)
Will    .....        k - amulet of regeneration
Stlth   +            x - ring of positive energy
HPRegen 1.94/turn    A - ring of wizardry
MPRegen 0.12/turn

%: clarity, wizardry (x1)
@: lethally poisoned (-8 -> -9), beast-form, slowed, glowing, very slow
A: beast (slay +4), large, unfitting armour, claws 3, regeneration 1, shaggy fur
1, tough skin 1, clarity, cold resistance 1, sense surroundings 1
a: Begin Untransformation, Renounce Religion, Divine Shield


You were on level 7 of the Dungeon.
You worshipped the Shining One.
The Shining One was pleased with you.
You were a hulking beast.
You visited 1 branch of the dungeon, and saw 7 of its levels.

You collected 332 gold pieces.

Inventory:

Missiles
 v - a throwing net
Armour
 a - a +0 animal skin (worn)
 n - a +0 cloak
Jewellery
 k - an amulet of regeneration (around neck)
 x - a ring of positive energy (left claw)
 A - a ring of wizardry (right claw)
 C - a ring of ice
Talismans
 c - a beast talisman (active)
 d - a flux talisman
 z - a serpent talisman
Wands
 h - a wand of quicksilver (9) (quivered)
 y - a wand of flame (25)
Scrolls
 e - 3 scrolls of summoning {unknown}
 f - 3 scrolls of teleportation {unknown}
 g - 6 scrolls of identify {unknown}
 j - a scroll of enchant weapon {unknown}
 l - a scroll of brand weapon {unknown}
 o - 4 scrolls of enchant armour {unknown}
 p - a scroll of noise {unknown}
 r - 2 scrolls of immolation {unknown}
 t - 2 scrolls of blinking {unknown}
 u - a scroll of vulnerability {unknown}
 B - a scroll of torment {unknown}
Potions
 b - 2 potions of lignification
 i - 2 potions of might {unknown}
 m - 3 potions of curing {unknown}
 q - 3 potions of mutation
 s - 2 potions of heal wounds {unknown}
 w - a potion of attraction {unknown}


   Skills:
 + Level 4.6 Fighting
 + Level 5.0 Dodging
 + Level 6.3 Unarmed Combat
 + Level 3.2 Invocations
 * Level 8.0 Shapeshifting


You had 8 spell levels left.
You didn't know any spells.
Your spell library contained the following spells:

 Spells                   Type           Power      Damage    Failure   Level
 Kiss of Death            Conj/Necr      0%         2d5       21%         1
 Lesser Beckoning         Tloc           0%         N/A       28%         2
 Confusing Touch          Hex            0%         N/A       50%         3
 Gell's Gravitas          Tloc           0%         N/A       50%         3
 Inner Flame              Hex/Fire       0%         N/A       50%         3
 Ozocubu's Armour         Ice            0%         N/A       50%         3
 Summon Guardian Golem    Hex/Summ       0%         N/A       50%         3
 Teleport Other           Tloc           0%         N/A       50%         3
 Tukima's Dance           Hex            0%         N/A       50%         3
 Dimensional Bullseye     Hex/Tloc       0%         N/A       86%         4
 Dispel Undead            Necr           0%         3d6       86%         4
 Flame Wave               Conj/Fire      0%         2d4       86%         4
 Iskenderun's Mystic Bla  Conj/Tloc      0%         2d3       86%         4
 Sticky Flame             Conj/Fire      0%         2d3       86%         4
 Metabolic Englaciation   Hex/Ice        0%         N/A       99%         5
 Simulacrum               Ice/Necr       0%         N/A       100%        6
 Orb of Destruction       Conj           0%         9d5       100%        7
 Spellforged Servitor     Conj/Summ      0%         N/A       100%        7


Dungeon Overview and Level Annotations

Branches:
Dungeon (7/15)             Temple (0/1) D:7

Altars:
Gozag
Okawaru
Ru
Sif Muna
Vehumet
Xom
Zin
The Shining One

Shops:
D:6 :

Annotations:
D:7 1 runed translucent door, Tenar's ghost, novice DsCA


Innate Abilities, Weirdness & Mutations

You are a hulking beast.
Your limbs bulge with bestial killing power. (Slay +4)
You are too large for most types of armour.
You have claws for hands.
Your natural rate of healing is unusually fast.
You are covered in fur. (AC +1)
You have tough skin. (AC +1)
You possess an exceptional clarity of mind.
Your flesh is cold resistant. (rC+)
You passively map a small area around you.


Message History

The centaur unwields a +0 shortbow.
The centaur hits you but does no damage.
The centaur misses you.
You scratch the centaur.
The centaur is lightly wounded.
The hornet stings you!
You are poisoned.
You feel yourself slow down. The centaur barely misses you.
The centaur misses you. The hornet stings you!
You suddenly lose the ability to move!
The centaur hits you but does no damage.
The centaur kicks you.
You feel sick. The hornet stings you!
You feel as though you will be slow longer.
The centaur hits you but does no damage.
The centaur kicks you but does no damage.
You feel sick. The hornet stings you.
You feel as though you will be slow longer.
The centaur barely misses you. The centaur kicks you. The hornet stings you!
* * * LOW HITPOINT WARNING * * *
You feel as though you will be slow longer.
The centaur hits you.
* * * LOW HITPOINT WARNING * * *
The centaur kicks you but does no damage.
You can move again.
You are too injured to fight recklessly!
You are too injured to fight recklessly!
You feel sick. The hornet stings you!
* * * LOW HITPOINT WARNING * * *
You are more poisoned.
You feel as though you will be slow longer.
Okay, then.
Okay, then.
It was a potion of mutation.
You feel extremely strange.
Your thoughts seem clearer.
You feel a strange attunement to the structure of the dungeons.
You feel resistant to cold.
You feel very sick. The hornet stings you!
You die...

##.### #...# ,
###.## * *
#..# ##.# *, *
#.# * #.# ###
*
#.######.....
#..)hyc......
######>......
....... *
*.......
*##+#### ,
,*####'######
#..........#
,#.#........#
#.#.#........#


You could see a hornet and a centaur.

Vanquished Creatures
  A two-headed ogre (D:6)
  Sigmund (D:6)
  A shadow (D:7)
  An orc warrior (D:7)
  A sky beast (D:5)
  A black bear (D:6)
  2 centaurs (D:7)
  An ogre (D:5)
  3 phantoms
  2 kobold brigands (D:6)
  Blork the orc (D:4)
  3 bullfrogs (D:7)
  A gnoll sergeant (D:6)
  3 scorpions
  An electric eel (D:7)
  A howler monkey (D:5)
  3 orc priests
  2 hounds
  Terence (D:2)
  A sleepcap (D:6)
  2 iguanas
  6 orc wizards
  4 adders
  7 gnolls
  2 shadow imps (D:7)
  A white imp (D:6)
  2 ufetubi (D:6)
  3 worms
  2 dart slugs (D:3)
  21 orcs
  2 bats
  6 endoplasms
  A giant cockroach (D:1)
  8 goblins
  8 hobgoblins
  7 quokkas
  3 ball pythons
  17 kobolds
  4 rats
137 creatures vanquished.

Notes
Turn   | Place    | Note
-------+----------+-------------------------------------------
     0 | D:1      | senseless the Troll Shapeshifter began the quest for the
                  | Orb.
     0 | D:1      | Reached XP level 1. HP: 18/18 MP: 0/0
   147 | D:1      | Reached skill level 1 in Fighting
   166 | D:1      | Reached XP level 2. HP: 24/27 MP: 1/1
   309 | D:1      | Reached XP level 3. HP: 33/33 MP: 2/2
   743 | D:2      | Found a glowing silver altar of Zin.
   792 | D:2      | Noticed Terence
   802 | D:2      | Killed Terence
   803 | D:2      | Reached XP level 4. HP: 30/41 MP: 3/3
  1105 | D:3      | Found a faded altar of an unknown god.
  1214 | D:3      | Found a sacrificial altar of Ru.
  1340 | D:3      | Found a glowing golden altar of the Shining One.
  1462 | D:3      | Reached skill level 4 in Shapeshifting
  1615 | D:3      | Became a worshipper of the Shining One
  1712 | D:3      | Reached XP level 5. HP: 49/49 MP: 4/4
  1715 | D:3      | Found a radiant altar of Vehumet.
  1965 | D:4      | Noticed Blork the orc
  1971 | D:4      | Killed Blork the orc
  1972 | D:4      | Reached XP level 6. HP: 44/57 MP: 5/5
  2570 | D:5      | Entered Level 5 of the Dungeon
  2631 | D:5      | Reached skill level 5 in Shapeshifting
  2738 | D:5      | Reached XP level 7. HP: 66/66 MP: 6/6
  2972 | D:5      | Reached * piety under the Shining One
  3333 | D:6      | Reached skill level 6 in Shapeshifting
  3396 | D:6      | Reached skill level 5 in Unarmed Combat
  3396 | D:6      | Reached XP level 8. HP: 60/72 MP: 7/7
  3490 | D:6      | Found Ceuj's Vocational Training.
  3503 | D:6      | Reached skill level 1 in Invocations
  3595 | D:6      | Noticed a two-headed ogre
  3604 | D:6      | Killed a two-headed ogre
  3605 | D:6      | Reached skill level 7 in Shapeshifting
  3693 | D:6      | Found an iron altar of Okawaru.
  3710 | D:6      | Noticed Sigmund
  3716 | D:6      | Killed Sigmund
  3717 | D:6      | Reached XP level 9. HP: 77/84 MP: 9/9
  4156 | D:7      | Found a shimmering blue altar of Sif Muna.
  4195 | D:7      | Found a runed translucent door.
  4195 | D:7      | Found a shimmering altar of Xom.
  4195 | D:7      | Noticed Tenar's ghost (novice DsCA)
  4195 | D:7      | Noticed a +0 long sword of chaos
  4352 | D:7      | Reached ** piety under the Shining One
  4363 | D:7      | Found a staircase to the Ecumenical Temple.
  4487 | D:7      | Reached skill level 8 in Shapeshifting
  4557 | D:7      | Found an opulent altar of Gozag.
  4595 | D:7      | Reached skill level 5 in Dodging
  4598 | D:7      | Paralysed by a hornet for 2 turns
  4602 | D:7      | Gained mutation: You possess an exceptional clarity of
                  | mind. [potion of mutation]
  4602 | D:7      | Gained mutation: You passively map a small area around you.
                  | [potion of mutation]
  4602 | D:7      | Gained mutation: Your flesh is cold resistant. (rC+)
                  | [potion of mutation]
  4602 | D:7      | Mangled by a hornet

Illustrated notes

Levels and vault maps discovered:
D:1:      elethiomel_arrival_shortcut, layout_basic, st_stairs_6
D:2:      layout_rooms, basic_altar, hangedman_decor_growths, uniq_terence
D:3:      layout_basic, nicolae_ru_awakened_eye, tso_altar,
          nicolae_vehumet_radiance, hellmonk_ecumenical_altar_run_dry
D:4:      layout_basic, uniq_blork_the_orc
D:5:      layout_basic, chequers_mini_garden, grunt_tough_drop
D:6:      minmay_klotski, layout_basic, okawaru_ov_weapons_minmay,
          chequers_hall_statues_y, nicolae_shop_vocational, uniq_sigmund
D:7:      layout_basic, mainiacjoe_overflow_paths,
          mainiacjoe_overflow_small_starburst, minmay_temple_entry_stoned_glass,
          ebering_ghost_xom, grunt_ministairs_7, nrook_pool_corridor,
          skrybe_limestone_x, nicolae_nh_oracle_at_delphi

Skill      XL: |  1  2  3  4  5  6  7  8  9 |
---------------+----------------------------+-----
Fighting       | 1 2 3 4 |  4.6
Dodging        | 2 3 4 5 |  5.0
Shapeshifting  | 4 5 6 7 8 |  8.0
Unarmed Combat | 4 5 6 |  6.3
Invocations    | 2 3 |  3.2

Action                     |  1- 3 |  4- 6 |  7- 9 || total
---------------------------+-------+-------+-------++-------
  Melee: Unarmed           |    72 |   122 |   155 ||   349
         Punch             |     1 |       |     8 ||     9
  Evoke: Wand              |       |       |     1 ||     1
    Use: Potion            |       |       |     1 ||     1
 Armour: Animal skin       |    44 |    85 |   156 ||   285
  Dodge: Dodged            |    32 |    45 |    92 ||   169

Table legend: (Time is in decaauts)
 A = Elapsed time spent in this place.
 B = Non-inter-level travel time spent in this place.
 C = Inter-level travel time spent in this place.
 D = Time resting spent in this place.
 E = Time spent auto-exploring this place.
 F = Levels seen in this place.
 G = Mean time per level.
                   A        B        C        D        E       F      G
               +--------+--------+--------+--------+--------+-----+--------+
         Total |   4572 |   4338 |    234 |      0 |   3586 |   7 |  653.1 |
       Dungeon |   4572 |   4338 |    234 |      0 |   3586 |   7 |  653.1 |
               +--------+--------+--------+--------+--------+-----+--------+

Top non-repeatable levels by time:
     D:6: 860 daAuts
     D:4: 754 daAuts
     D:3: 708 daAuts
     D:5: 691 daAuts
     D:1: 627 daAuts
     D:2: 467 daAuts
     D:7: 462 daAuts
